 Dungeon Crawl Stone Soup version 0.25-a0-713-g4845790874 (webtiles) character file.

Game seed: 6627506029292505437, levelgen mode: deterministic

93 jt the Gusty (level 4, 0/30 HPs)
             Began as a Barachi Air Elementalist on Apr 5, 2020.
             Slain by a gnoll
             ... wielding a +0 halberd
              (11 damage)
             ... on level 2 of the Dungeon.
             The game lasted 00:07:26 (1750 turns).

jt the Gusty (Barachi Air Elementalist)             Turns: 1750, Time: 00:07:26

Health: 0/30       AC:  4    Str: 10    XL:     4   Next: 61%
Magic:  4/8        EV: 12    Int: 15    God:
Gold:   155        SH:  0    Dex: 13    Spells: 3/9 levels left

rFire    . . .     SeeInvis .   a - +1 short sword (holy)
rCold    + . .     Gourm    .   (no shield)
rNeg     . . .     Faith    .   l - +1 leather armour {rC+}
rPois    .         Spirit   .   (no helmet)
rElec    .         Reflect  .   (no cloak)
rCorr    .         Harm     .   (no gloves)
MR       .....     Rnd*Tele +   (no boots)
Stlth    ++........             (no amulet)
HPRegen  0.10/turn              o - ring of teleportation (curse)
MPRegen  0.11/turn              (no ring)

@: slow
A: +LOS, swims, slowness 1, strong legs 1
a: Hop


You were on level 2 of the Dungeon.
You were not hungry.

You visited 1 branch of the dungeon, and saw 2 of its levels.

You collected 155 gold pieces.

Inventory:

Hand Weapons
 a - a +1 short sword of holy wrath (weapon)
 b - a +0 short sword
 r - a +0 halberd
Missiles
 h - 45 arrows
 n - 24 stones (quivered)
Armour
 j - a +1 tower shield
 l - a +1 leather armour of cold resistance (worn)
Jewellery
 i - an uncursed amulet of harm
 o - a cursed ring of teleportation (left hand)
Scrolls
 e - 2 scrolls of enchant weapon
 f - 2 scrolls of identify
 m - a scroll of teleportation
Potions
 d - a potion of curing {unknown}
 g - 2 potions of mutation
 k - 2 potions of stabbing {unknown}
Comestibles
 c - a ration
 p - 7 chunks of flesh


   Skills:
 - Level 2.1 Dodging
 - Level 1.7 Stealth
 + Level 3.2 Spellcasting
 + Level 2.8 Conjurations
 + Level 4.2 Air Magic


You had 3 spell levels left.
You knew the following spells:

 Your Spells              Type           Power        Failure   Level  Hunger
a - Shock                 Conj/Air       ##..         6%          1    #......
b - Swiftness             Chrm/Air       #.......     17%         2    ##.....
c - Static Discharge      Conj/Air       ##......     19%         3    ###....

Your spell library contained the following spells:

 Spells                   Type           Power        Failure   Level  Hunger
 Airstrike                Air            ###.......   43%         4    #####..
 Lightning Bolt           Conj/Air       ##........   86%         5    ######.


Dungeon Overview and Level Annotations

Branches:
Dungeon (2/15)

Altars:


Innate Abilities, Weirdness & Mutations

You can be seen from farther away. (+LOS)
You can swim through water.
You cover ground slowly.
You can hop short distances.


Message History

Aim: a gnoll, wielding a +0 halberd (moderately wounded)
The zap misses the gnoll.
Casting: Shock (safe; 6% risk of failure)
Confirm with . or Enter, or press ? or * to list all spells.
Aiming: Shock (safe; 6% risk of failure)
Press: ? - help, Shift-Dir - straight line, f/p - gnoll
Aim: a gnoll, wielding a +0 halberd (moderately wounded)
The zap hits the gnoll.
The gnoll is severely wounded.
The gnoll hits you from afar with a +0 halberd.
The gnoll hits you with a +0 halberd!
Found a cloak.
You see here 3 scrolls of enchant armour.
You hit the gnoll.
The gnoll is almost dead.
The gnoll hits you with a +0 halberd.
You closely miss the gnoll.
The gnoll is almost dead.
The gnoll hits you with a +0 halberd!
You die...

....# ......# ....#
[....##### .##########
........# .# #....#
........# .# #(...#
.......# .# #..^.#
#......# .#
#....#####......#
.#####.......##.g....#
..........)..##.@..%.#
.............##......#
.............##.#+####
.............'....#
.............##........
.........##'###########
.#'########.# .#.# #.#
...# #.#


You could see a gnoll.

Vanquished Creatures
  2 adders (D:2)
  3 gnolls (D:2)
  A dart slug (D:2)
  A leopard gecko (D:1)
  4 giant cockroaches
  5 goblins (D:1)
  8 hobgoblins
  A ball python (D:2)
  6 bats
  5 frilled lizards
  6 kobolds
  2 rats (D:1)
44 creatures vanquished.

Notes
Turn   | Place    | Note
-------+----------+-------------------------------------------
     0 | D:1      | jt the Barachi Air Elementalist began the quest for the
                  | Orb.
     0 | D:1      | Reached XP level 1. HP: 13/13 MP: 3/3
   233 | D:1      | Reached XP level 2. HP: 19/19 MP: 1/5
   625 | D:1      | Reached XP level 3. HP: 24/24 MP: 4/7
  1216 | D:2      | Learned a level 2 spell: Swiftness
  1220 | D:2      | Learned a level 3 spell: Static Discharge
  1415 | D:2      | Reached skill level 4 in Air Magic
  1415 | D:2      | Reached XP level 4. HP: 29/30 MP: 1/8
  1750 | D:2      | Slain by a gnoll

Levels and vault maps discovered:
D:1:      giann_wishing_wells, layout_rooms
D:2:      layout_basic

Skill      XL: |  1  2  3 |
---------------+----------+-----
Conjurations   | 2 |  2.8
Spellcasting   | 3 |  3.2
Air Magic      | 4 |  4.2
Dodging        | |  2.1
Stealth        | |  1.7

Action                   |  1- 3 |  4- 6 || total
-------------------------+-------+-------++-------
Melee: Short sword       |    55 |    18 ||    73
Throw: Stone             |       |     5 ||     5
 Cast: Shock             |    45 |    17 ||    62
       Static Discharge  |     2 |     2 ||     4
 Abil: Hop               |     1 |     1 ||     2
  Use: Scroll            |       |     4 ||     4
  Eat: Chunk             |     3 |     1 ||     4
Armor: Robe              |     4 |       ||     4
       Leather armour    |    18 |    11 ||    29
Dodge: Dodged            |    55 |    20 ||    75

Table legend:
 A = Non-vault XP
 B = Vault XP
 C = Vault XP percentage of total XP
 D = Non-vault monster count
 E = Vault monster count
 F = Vault count percentage of total count
                 A         B        C        D         E       F
            +---------+---------+-------+---------+---------+-------
      Total |     133 |       0 |   0.0 |      44 |       0 |   0.0
            +---------+---------+-------+---------+---------+-------
        D:1 |      39 |       0 |   0.0 |      24 |       0 |   0.0
        D:2 |      94 |       0 |   0.0 |      20 |       0 |   0.0
            +---------+---------+-------+---------+---------+-------
